 Dungeon Crawl Stone Soup version 0.23-a0-516-g0f8c245 (webtiles) character file.

6 theanonym the Vexing (level 1, 0/14 HPs)
             Began as a Mummy Enchanter on Dec 5, 2018.
             Slain by a rat (1 damage)
             ... on level 1 of the Dungeon.
             The game lasted 00:01:00 (340 turns).

theanonym the Vexing (Mummy Enchanter)               Turns: 340, Time: 00:01:01

Health: 0/14       AC:  2    Str: 11    XL:     1   Next: 75%
Magic:  2/4        EV: 12    Int: 14    God:
Gold:   0          SH:  0    Dex: 12    Spells: 4/5 levels left

rFire    x . .     SeeInvis .   a - +1 dagger
rCold    + . .     Gourm    .   (no shield)
rNeg     + + +     Faith    .   b - +0 robe
rPois    ∞         Spirit   .   (no helmet)
rElec    .         Reflect  .   (no cloak)
rCorr    .         Harm     .   (no gloves)
MR       .....                  (no boots)
Stlth    ++........             (no amulet)
HPRegen  0.04/turn              (no ring)
MPRegen  0.09/turn              (no ring)

@: no status effects
A: no food or potions, fire vulnerability, cold resistance 1, negative energy
resistance 3, torment resistance, unbreathing
a: no special abilities


Innate Abilities, Weirdness & Mutations

You do not eat or drink.
Your flesh is vulnerable to fire.
You are immune to poison.
Your flesh is cold resistant. (rC+)
You are immune to negative energy. (rN+++)
You are immune to unholy pain and torment.
You can survive without breathing.


   Skills:
 + Level 0.5 Fighting
 * Level 1.3 Short Blades
 - Level 1.5 Dodging
 - Level 2.4 Stealth
 - Level 2.6 Spellcasting
 - Level 2.6 Hexes


You had 4 spell levels left.
You knew the following spells:

 Your Spells              Type           Power        Failure   Level  Hunger
a - Corona                Hex            #......      8%          1    N/A

Your spell library contained the following spells:

 Spells                   Type           Power        Failure   Level  Hunger
 Ensorcelled Hibernation  Hex/Ice        #.....       19%         2    N/A
 Confuse                  Hex            #.......     22%         3    N/A
 Tukima's Dance           Hex            #.......     22%         3    N/A
 Dazzling Spray           Conj/Hex       #.....       36%         3    N/A

Skill      XL: |  1 |
---------------+----+-----
Short Blades   | 1 |  1.3
Fighting       | |  0.5
Dodging        | |  1.5
Stealth        | |  2.4
Spellcasting   | |  2.6
Hexes          | |  2.6

Action                   || total
-------------------------++-------
Melee: Dagger            ||    21
 Cast: Corona            ||    10
Armor: Robe              ||     2
Dodge: Dodged            ||    12

Inventory:

Hand Weapons
 a - a +1 dagger (weapon)
Armour
 b - a +0 robe (worn)


You were on level 1 of the Dungeon.
You were not hungry.

You visited 1 branch of the dungeon, and saw 1 of its levels.

Dungeon Overview and Level Annotations

Branches:
Dungeon (1/15)

Altars:

...........
##..######.# ##.##
#.# #..# #.# ##.#
#.# .# #.## #.# .#
#..# #.#######.#
##.## #.......#g#
#..# #.#####@#.#
##.###.# #r#.#
#..##.#####g#.###.#
##.##.##..........#
#..#.##.....######
##.#.##......
#...##.!....#
##..##......#
#..##......#


You could see a hobgoblin and a rat.

Notes
Turn   | Place    | Note
-------+----------+-------------------------------------------
     0 | D:1      | theanonym the Mummy Enchanter began the quest for the Orb.
     0 | D:1      | Reached XP level 1. HP: 13/13 MP: 4/4
     0 | D:1      | theanonym: !lg * muen s=score
     0 | D:1      | beem: 4652 games for * (muen): 265x 20, 185x 0, 160x 2,
                  | 135x 4, 106x 7, 99x 22, 80x 21, 78x 3, 77x 1, 68x 5, 61x
                  | 25, 58x 6, 57x 23, 52x 9, 52x 24, 49x 14, 48x 27, 45x 35,
                  | 44x 28, 43x 16, 42x 26, 39x 19, 39x 18, 39x 37, 38x 32, 36x
                  | 30, 35x 33, 35x 42, 35x 11, 34x 10, 33x 17, 32x 38, 30x 39,
                  | 28x 8, 27x 31, 24x 58, 23x 29, 23x 44, 23x 34, 22x 53, 22x
                  | 40, 22x 54, 22x 36, 20x 15, 20x 12, 20x 13, 20x 45, 19x...
     0 | D:1      | theanonym: !lg * muen max=score
     0 | D:1      | beem: 4652. willcat the Sorcerer (L27 MuEn of Gozag),
                  | escaped with the Orb and 15 runes on 2018-08-14 06:53:26,
                  | with 15623018 points after 100054 turns and 6:27:02.
    44 | D:1      | Reached skill level 1 in Short Blades
   328 | D:1      | HP: 7/14 [hobgoblin (4)]
   334 | D:1      | HP: 2/14 [hobgoblin (4)]
   340 | D:1      | Slain by a rat

Vanquished Creatures
  2 hobgoblins (D:1)
  A jackal (D:1)
  A kobold (D:1)
  A frilled lizard (D:1)
5 creatures vanquished.

Table legend:
 A = Turns spent in this place as a percentage of turns spent in the entire game.
 B = Non-inter-level travel turns spent in this place as a percentage of non-inter-level travel turns spent in the entire game.
 C = Inter-level travel turns spent in this place as a percentage of turns spent in this place.
 D = Turns resting spent in this place as a percentage of non-inter-level travel turns spent in this place.
 E = Turns spent auto-exploring this place as a percentage of non-inter-level travel turns spent in this place.
 F = Non-inter-level travel turns spent in this place divided by the number of levels of this place that you've seen.
                   A       B       C       D       E      F
               +-------+-------+-------+-------+-------+----------------------
         Total | 100.0 | 100.0 |   0.0 |  63.8 |  20.3 | 340.0
       Dungeon | 100.0 | 100.0 |   0.0 |  63.8 |  20.3 | 340.0
               +-------+-------+-------+-------+-------+----------------------
